 Dungeon Crawl Stone Soup version 0.23-a0-844-gdc03e01 (webtiles) character file.

121 Lanoc the Insei (level 5, -8/34 HPs)
             Began as an Octopode Transmuter on Jan 26, 2019.
             Was a Believer of Nemelex Xobeh.
             Killed by divine providence
             ... invoked by an orc priest
              (13 damage)
             ... on level 4 of the Dungeon.
             The game lasted 00:06:41 (3803 turns).

Lanoc the Insei (Octopode Transmuter)               Turns: 3803, Time: 00:06:43

Health: -8/34      AC:  2    Str: 10    XL:     5   Next: 5%
Magic:  2/8        EV: 20    Int: 16    God:    Nemelex Xobeh [**....]
Gold:   149        SH:  0    Dex: 17    Spells: 2/8 levels left

rFire    + . .     SeeInvis .     - Unarmed
rCold    . . .     Gourm    .   (shield currently unavailable)
rNeg     . . .     Faith    .   (helmet currently unavailable)
rPois    x         Spirit   .   (no amulet)
rElec    .         Reflect  .   g - ring of flight
rCorr    .         Harm     .   o - ring of protection from fire
MR       .....                  t - ring of wizardry
Stlth    ++........             (no ring)
HPRegen  0.11/turn              (no ring)
MPRegen  0.11/turn              (no ring)
                                (no ring)
                                (no ring)

@: spider-form, very slightly contaminated
A: tiny, almost no armour, stealthy swim, (amphibious), 8 rings, (constrict 8)
a: End Transformation, Draw Escape, Draw Destruction, Draw Summoning, Renounce
Religion, Evoke Flight


You were on level 4 of the Dungeon.
You worshipped Nemelex Xobeh.
Nemelex Xobeh was pleased with you.
You were hungry.
You were a venomous arachnid creature.
You visited 1 branch of the dungeon, and saw 4 of its levels.

You collected 149 gold pieces.

Inventory:

Missiles
 a - 38 arrows
Jewellery
 g - a ring of flight (left front leg)
 o - a ring of protection from fire (right front leg)
 t - a ring of wizardry (on tentacle)
Wands
 u - a wand of iceblast (13)
Scrolls
 b - 2 scrolls of immolation {unknown}
 d - 2 scrolls of random uselessness {unknown}
 f - a scroll of magic mapping {unknown}
 h - 3 scrolls of teleportation {unknown}
 j - 3 scrolls of enchant armour {unknown}
 l - 2 scrolls of remove curse {unknown}
 n - 2 scrolls of amnesia {unknown}
 r - 2 scrolls of enchant weapon {unknown}
 s - 2 scrolls of identify {unknown}
Potions
 e - a potion of brilliance {unknown}
 i - 2 potions of heal wounds {unknown}
 k - 2 potions of invisibility {unknown}
 m - a potion of flight {unknown}
 p - a potion of degeneration {unknown}
 q - a potion of magic {unknown}
 w - a potion of curing {unknown}
Comestibles
 c - 8 rations
 v - 4 chunks of flesh


   Skills:
 + Level 2.0 Fighting
 + Level 2.6 Dodging
 * Level 3.7 Unarmed Combat
 + Level 2.4 Spellcasting
 * Level 3.2 Transmutations


You had 2 spell levels left.
You knew the following spells:

 Your Spells              Type           Power        Failure   Level  Hunger
a - Beastly Appendage     Tmut           ##....       6%          1    #......
b - Sticks to Snakes      Tmut           ##......     9%          2    ###....
c - Spider Form           Tmut/Pois      #.........   24%         3    ###....

Your spell library contained the following spells:

 Spells                   Type           Power        Failure   Level  Hunger
 Ice Form                 Ice/Tmut       #.......     54%         4    #####..
 Blade Hands              Tmut           ##........   65%         5    ######.


Dungeon Overview and Level Annotations

Branches:
Dungeon (4/15)
 Temple: D:4-7

Altars:
Nemelex Xobeh

Shops:
D:4 }


Innate Abilities, Weirdness & Mutations

You cannot wear most types of armour.
You are very stealthy in the water. (Stealth+)
((You are amphibious.))
You can wear up to eight rings at the same time.
((You can use your tentacles to constrict eight enemies at once.))
((Your skin changes colour to match your surroundings (Stealth+).))
((Your rubbery body absorbs attacks. (AC +1, EV +1)))


Message History

You hit the orc priest.
The orc priest is heavily wounded.
The orc hits you with a +0 dagger. The orc closely misses you.
The orc priest invokes the aid of Beogh against you.
Pain shoots through your body!
You barely miss the orc priest.
The orc priest is heavily wounded.
The orc misses you. The orc completely misses you.
The orc hits you with a +0 falchion. The orc hits you but does no damage.
The orc priest hits you with a +0 club.
* * * LOW HITPOINT WARNING * * *
You bite the orc priest!
The orc priest is poisoned.
The orc priest is almost dead.
The orc hits you with a +0 dagger.
* * * LOW HITPOINT WARNING * * *
The orc closely misses you. x2
The orc priest invokes the aid of Beogh against you.
Beogh smites you!
You die...
Your body glows slightly and disappears.

#...... ##..≈.(.≈..#
##..≈.≈.≈.≈..#
##..≈...≈...≈..
##..≈.≈.≈.≈.≈.≈.
##..≈...≈...≈...≈
########..≈.≈.≈.≈.≈.≈.≈.
#.....o#.≈...≈...≈...≈..
#....oos..≈.≈.≈.≈.≈.≈.≈.
#.....ooo..≈...≈...≈...≈
#......'..≈.≈.≈.≈.≈.≈)≈.
#......#.≈...≈...≈...≈..
#......#..≈.≈.≈.≈.≈.≈.≈.
#......##..≈...≈...≈...≈
####### ##..≈.≈.≈.≈.≈.≈.
##..≈...≈...≈..
##..≈.≈.≈.≈..#


You could see 2 orc priests and 4 orcs.

Vanquished Creatures
  5 adders (D:3)
  An ooze (D:1)
  A worm (D:4)
  2 dart slugs
  2 leopard geckos (D:3)
  An orc (D:3)
  A ball python (D:4)
  A giant cockroach (D:2)
  5 goblins
  5 hobgoblins
  6 jackals
  2 quokkas
  10 bats
  9 frilled lizards
  6 kobolds
  8 rats (D:1)
65 creatures vanquished.

Notes
Turn   | Place    | Note
-------+----------+-------------------------------------------
     0 | D:1      | Lanoc the Octopode Transmuter began the quest for the Orb.
     0 | D:1      | Reached XP level 1. HP: 13/13 MP: 3/3
    34 | D:1      | Reached XP level 2. HP: 11/18 MP: 3/5
    52 | D:1      | Learned a level 2 spell: Sticks to Snakes
   922 | D:1      | Reached XP level 3. HP: 16/23 MP: 4/6
  1722 | D:2      | Found a faded altar of an unknown god.
  1738 | D:2      | Became a worshipper of Nemelex Xobeh the Trickster
  1738 | D:2      | Received a gift from Nemelex Xobeh
  1738 | D:2      | Reached * piety under Nemelex Xobeh
  2298 | D:3      | Reached XP level 4. HP: 6/28 MP: 5/7
  2317 | D:3      | Learned a level 3 spell: Spider Form
  3485 | D:3      | Reached XP level 5. HP: 33/34 MP: 6/8
  3660 | D:3      | Received a gift from Nemelex Xobeh
  3716 | D:4      | Found Fumieg's Gadget Shoppe.
  3765 | D:4      | Reached ** piety under Nemelex Xobeh
  3803 | D:4      | Killed from afar by an orc priest

Vault maps used:
D:1:      onia_arrival_handbag, minmay_tromino_i2
D:2:      chequers_ecumenical_altar_simple_redux, first_ration
D:4:      serial_shops, kennysheep_mini_moat, kennysheep_cluttered_room,
          patterned_corridor

Skill      XL: |  1  2  3  4  5 |
---------------+----------------+-----
Transmutations | 3 |  3.2
Fighting       | 2 |  2.0
Dodging        | |  2.6
Unarmed Combat | |  3.7
Spellcasting   | |  2.4

Action                   |  1- 3 |  4- 6 || total
-------------------------+-------+-------++-------
Melee: Unarmed           |   114 |    48 ||   162
       Constrict         |    28 |    12 ||    40
       Kick              |    16 |     7 ||    23
       Tentacles         |    15 |     6 ||    21
       Punch             |     2 |     1 ||     3
 Cast: Beastly Appendage |    19 |    12 ||    31
       Spider Form       |       |     1 ||     1
 Stab: Sleeping          |     5 |       ||     5
  Eat: Chunk             |     4 |     5 ||     9
Armor: Skin              |    18 |     8 ||    26
Dodge: Dodged            |    80 |    34 ||   114

Table legend:
 A = Non-vault XP
 B = Vault XP
 C = Vault XP percentage of total XP
 D = Non-vault monster count
 E = Vault monster count
 F = Vault count percentage of total count
                 A         B        C        D         E       F
            +---------+---------+-------+---------+---------+-------
      Total |     161 |      12 |   6.9 |      59 |       6 |   9.2
            +---------+---------+-------+---------+---------+-------
        D:1 |      39 |      12 |  23.5 |      25 |       6 |  19.4
        D:2 |      17 |       0 |   0.0 |      11 |       0 |   0.0
        D:3 |      98 |       0 |   0.0 |      21 |       0 |   0.0
        D:4 |       7 |       0 |   0.0 |       2 |       0 |   0.0
            +---------+---------+-------+---------+---------+-------
